 Dungeon Crawl Stone Soup version 0.31-a0-198-g2ad674f65e (webtiles) character file.

Game seed: 3055804811112577753

6793 gaul the Thaumaturge (level 10, -14/80 HPs)
             Began as a Purple Draconian Fire Elementalist on June 25, 2023.
             Was a Follower of Sif Muna.
             Killed by the air
             ... invoked by Gastronok
              (43 damage)
             ... on level 8 of the Dungeon.
             The game lasted 01:09:45 (14167 turns).

gaul the Thaumaturge (DrFE)                        Turns: 14167, Time: 01:09:45

Health: -14/80     AC: 10    Str: 10    XL:     10   Next: 76%
Magic:  19/24      EV: 13    Int: 19    God:    Sif Muna [*.....]
Gold:   349        SH:  0    Dex: 13    Spells: 2/29 levels left

rFire   + + .        u - staff of fire
rCold   . . .        (no shield)
rNeg    . . .        (body armour unavailable)
rPois   .            (helmet restricted)
rElec   .            a - +1 cloak
rCorr   .            p - +0 pair of gloves
SInv    .            (no boots)
Will    +....        l - amulet of faith
Stlth   ++           d - ring of protection from fire
HPRegen 0.33/turn    (no ring)
MPRegen 0.19/turn

%: faith
@: slowed, studying Shields, very slow
A: breathe power, AC +7, unfitting armour, cold-blooded
a: Breathe Dispelling Energy, Renounce Religion, Channel Magic


You were on level 8 of the Dungeon.
You worshipped Sif Muna.
Sif Muna was aware of your devotion.
You visited 2 branches of the dungeon, and saw 9 of its levels.
You also visited: Bailey.

You collected 349 gold pieces.

Inventory:

Hand Weapons
 b - a +0 club
 c - a +0 short sword of flaming
 j - a +3 short sword of draining
Armour
 a - a +1 cloak (worn)
 p - a +0 pair of gloves (worn)
Magical Staves
 n - a staff of cold
 u - a staff of fire (weapon)
Jewellery
 d - a ring of protection from fire (left hand)
 l - an amulet of faith (around neck)
Wands
 f - a wand of polymorph (4)
 o - a wand of mindburst (9)
 q - a wand of paralysis (7)
Scrolls
 g - a scroll of fear
 m - a scroll of brand weapon
Potions
 e - a potion of attraction
 h - 2 potions of curing
 i - a potion of mutation
 r - a potion of resistance
 t - 3 potions of invisibility
 w - a potion of brilliance


   Skills:
 + Level 4.7 Fighting
 + Level 4.6 Short Blades
 + Level 4.8 Dodging
 + Level 4.0 Stealth
 + Level 0.3 Unarmed Combat
 + Level 10.0 Spellcasting
 + Level 6.1 Conjurations
 + Level 1.3 Hexes
 + Level 1.3 Translocations
 + Level 0.1 Transmutations
 + Level 7.5 Fire Magic
 + Level 1.6 Ice Magic
 + Level 2.1 Air Magic
 + Level 2.3 Poison Magic
 + Level 2.2 Evocations


You had 2 spell levels left.
You knew the following spells:

 Your Spells              Type           Power      Damage    Failure   Level
a - Foxfire               Conj/Fire      100%       2x1d9     1%          1
b - Inner Flame           Hex/Fire       39%        N/A       3%          3
c - Scorch                Fire           100%       2d9       1%          2
d - Poisonous Vapours     Pois/Air       36%        N/A       4%          2
e - Flame Wave            Conj/Fire      52%        2d13      4%          4
f - Mephitic Cloud        Conj/Pois/Air  22%        N/A       5%          3
g - Freeze                Ice            60%        1d7       3%          1
h - Frozen Ramparts       Ice            30%        1d5       12%         3
i - Volatile Blastmotes   Fire/Tloc      78%        2d16      3%          3
j - Magic Dart            Conj           100%       1d8       1%          1
k - Sting                 Tmut/Pois      56%        1d5       4%          1
l - Teleport Other        Tloc           14%        N/A       13%         3

Your spell library contained the following spells:

 Spells                   Type           Power      Damage    Failure   Level
 Lesser Beckoning         Tloc           28%        N/A       6%          2
 Call Imp                 Summ           18%        N/A       11%         2
 Hailstorm                Conj/Ice       24%        3d7       4%          3
 Gell's Gravitas          Tloc           14%        N/A       13%         3
 Olgreb's Toxic Radiance  Pois           18%        N/A       28%         4
 Dispersal                Tloc           7%         N/A       100%        6


Dungeon Overview and Level Annotations

Branches:
Dungeon (8/15)             Temple (1/1) D:6          Bailey (visited)
   Lair: D:8-11

Altars:
Ashenzari
Cheibriados
Fedhas
Gozag
Hepliaklqana
Kikubaaqudgha
Nemelex Xobeh
Okawaru
Qazlal
Ru
Sif Muna
Uskayaw
Vehumet
Wu Jian
Xom
Yredelemnul
Zin
The Shining One

Shops:
D:3 (

Annotations:
D:8 Gastronok


Innate Abilities, Weirdness & Mutations

You can breathe bolts of dispelling energy.
Your rich purple scales are hard. (AC +7)
You cannot fit into any form of body armour.
You are cold-blooded and may be slowed by cold attacks.


Message History

Gastronok is moderately wounded.
The river rat bites you but does no damage.
Gastronok bites you! The river rat closely misses you.
Casting: Foxfire (safe; 1% risk of failure)
Confirm with . or Enter, or press ? or * to list all spells.
You feel a surge of power!
Flames lash Gastronok.
Gastronok is moderately wounded.
Gastronok's fire resistance burns away.
The river rat closely misses you.
Casting: Scorch (safe; 1% risk of failure)
Confirm with . or Enter, or press ? or * to list all spells.
Okay, then.
Okay, then.
Magic courses through your body. The river rat barely misses you.
Gastronok gurgles, "A snack!
A snack!"
Gastronok closely misses you. The river rat misses you.
Casting: Scorch (safe; 1% risk of failure)
Confirm with . or Enter, or press ? or * to list all spells.
Casting: Flame Wave (dangerous; 4% risk of failure)
Press: ? - help, Dir - look around, f - activate You feel a surge of power!
A wave of flame ripples out!
The flame wave engulfs the river rat!
You kill the river rat!
The river rat's corpse disappears in a puff of smoke!
The flame wave engulfs Gastronok!
Gastronok is burned terribly!
Gastronok is heavily wounded. (Press . to intensify the flame waves.) Gastronok bites you!
A wave of flame ripples out!
The flame wave engulfs Gastronok!
Gastronok is burned terribly!
Gastronok is heavily wounded.
Gastronok is no longer more vulnerable to fire.
A wave of flame ripples out!
The flame wave engulfs Gastronok.
Gastronok is heavily wounded.
You finish channelling waves of flame.
You hear an angry buzzing noise. x2
Gastronok misses you.
Gastronok waves his eye-stalks in wide circles.
The air twists around and strikes you!!!
Ouch! That really hurt!
You die...

.## #..# #..#
#..# ###..#
#....## #.....#
#####.@...#
#######..(!..w..#
#.......###.....#
#....####
#......# #....#
#....#...# #....#
########.# ###.##
.. #<.#### ..
##....# .


You could see Gastronok (swift).

Vanquished Creatures
  2 vault guards (Bailey)
  Maggie (D:6)
  A troll (D:5)
  Grinder (D:6)
  Prince Ribbit (Bailey)
  2 shadows
  4 yaks (D:7)
  6 humans (Bailey)
  A wraith (D:6)
  Eustachio (D:4)
  Edmund (D:4)
  A water moccasin (D:7)
  An orc warrior (D:5)
  2 ogres (D:6)
  A black bear (D:6)
  2 sky beasts
  3 centaurs
  3 phantoms
  9 bullfrogs
  2 scorpions
  4 hounds
  4 orc priests
  A jelly (D:4)
  3 iguanas (D:6)
  6 orc wizards
  A sleepcap (D:6)
  10 adders
  8 gnolls
  A shadow imp (D:6)
  2 ufetubi (D:4)
  A dart slug (D:1)
  29 orcs
  5 ball pythons
  6 endoplasms
  5 giant cockroaches
  10 goblins
  9 hobgoblins
  7 jackals
  4 quokkas
  3 bats
  3 frilled lizards (D:2)
  7 kobolds
  7 rats
  A foxfire (D:5)
182 creatures vanquished.

Vanquished Creatures (others)
  478 foxfires
478 creatures vanquished.

Grand Total: 660 creatures vanquished

Notes
Turn   | Place    | Note
-------+----------+-------------------------------------------
     0 | D:1      | gaul the Draconian Fire Elementalist began the quest for
                  | the Orb.
     0 | D:1      | Reached XP level 1. HP: 14/14 MP: 3/3
   256 | D:1      | Reached XP level 2. HP: 16/20 MP: 5/5
   692 | D:1      | Reached skill level 1 in Short Blades
  1193 | D:2      | Reached XP level 3. HP: 19/26 MP: 2/6
  1378 | D:2      | Learned a level 3 spell: Inner Flame
  1381 | D:2      | Learned a level 2 spell: Scorch
  1633 | D:2      | Reached XP level 4. HP: 32/34 MP: 0/7
  2480 | D:3      | Learned a level 2 spell: Poisonous Vapours
  2773 | D:3      | Reached XP level 5. HP: 39/39 MP: 6/8
  3192 | D:3      | Found Riuxitt's Weapon Shop.
  3789 | D:4      | Noticed a phantom
  3937 | D:4      | Killed a phantom
  3938 | D:4      | Reached skill level 3 in Spellcasting
  4331 | D:4      | Reached XP level 6. HP: 46/46 MP: 7/10
  4624 | D:4      | Noticed Eustachio
  4980 | D:4      | Killed Eustachio
  4981 | D:4      | Reached skill level 1 in Fighting
  5572 | D:4      | Noticed Edmund
  5807 | D:4      | Learned a level 4 spell: Flame Wave
  5991 | D:4      | Killed Edmund
  5992 | D:4      | Reached skill level 4 in Spellcasting
  5992 | D:4      | Your scales start taking on a rich purple colour.
  5992 | D:4      | Reached XP level 7. HP: 28/52 MP: 4/14
  6079 | D:4      | Learned a level 3 spell: Mephitic Cloud
  7760 | D:5      | Entered Level 5 of the Dungeon
  7792 | D:5      | Reached skill level 5 in Spellcasting
  7831 | D:5      | Reached skill level 5 in Fire Magic
  8066 | D:5      | Learned a level 1 spell: Freeze
  8185 | D:5      | Noticed a shadow
  8205 | D:5      | Killed a shadow
  8206 | D:5      | Reached skill level 1 in Evocations
  8206 | D:5      | Reached XP level 8. HP: 10/61 MP: 10/16
  8468 | D:5      | Noticed a troll
  8481 | D:5      | Killed a troll
  8482 | D:5      | Reached skill level 6 in Spellcasting
  8681 | D:5      | Learned a level 3 spell: Frozen Ramparts
  9548 | D:5      | Reached skill level 1 in Ice Magic
  9850 | D:6      | Reached skill level 7 in Spellcasting
 10074 | D:6      | Reached XP level 9. HP: 62/68 MP: 10/19
 10275 | D:6      | Noticed Grinder
 10286 | D:6      | Killed Grinder
 10792 | D:6      | Reached skill level 8 in Spellcasting
 10803 | D:6      | Noticed Maggie
 10822 | D:6      | Killed Maggie
 10823 | D:6      | Reached skill level 1 in Air Magic
 10823 | D:6      | Reached skill level 1 in Poison Magic
 11213 | D:6      | Found a staircase to the Ecumenical Temple.
 11375 | Temple   | Entered the Ecumenical Temple
 11469 | Temple   | Learned a level 3 spell: Volatile Blastmotes
 11471 | Temple   | Learned a level 1 spell: Magic Dart
 11473 | Temple   | Learned a level 1 spell: Sting
 11511 | Temple   | Became a worshipper of Sif Muna the Loreminder
 11725 | D:7      | Reached skill level 5 in Conjurations
 11883 | D:7      | Found a broken altar of Ashenzari.
 11887 | D:7      | Found a blossoming altar of Fedhas.
 11892 | D:7      | Found a glowing silver altar of Zin.
 11938 | D:7      | Reached XP level 10. HP: 77/77 MP: 16/22
 11971 | D:7      | Found a flagged portal.
 11980 | Bailey   | Entered a bailey
 11993 | Bailey   | Reached skill level 1 in Hexes
 12041 | Bailey   | Reached skill level 9 in Spellcasting
 12380 | Bailey   | Reached * piety under Sif Muna
 12630 | Bailey   | Noticed Prince Ribbit
 12635 | Bailey   | Killed Prince Ribbit
 12689 | Bailey   | Noticed a vault guard
 12703 | Bailey   | Killed a vault guard
 12911 | Bailey   | Identified a scroll of acquirement
 12911 | Bailey   | Acquired a staff of fire
 12928 | Bailey   | Noticed a vault guard
 12949 | Bailey   | Killed a vault guard
 13167 | D:7      | Reached skill level 1 in Translocations
 13491 | D:7      | Reached skill level 10 in Spellcasting
 13648 | D:7      | Learned a level 3 spell: Teleport Other
 14140 | D:8      | Noticed Gastronok
 14167 | D:8      | Killed from afar by Gastronok

Illustrated notes

Levels and vault maps discovered:
D:1:      nicolae_arrival_washed_ashore, layout_basic
D:2:      layout_loops_cross
D:3:      layout_basic, serial_shops, shop
D:4:      layout_basic, uniq_eustachio, uniq_edmund
D:5:      layout_loops_ring, minmay_manual_mandibuliform
D:6:      minmay_chambers_of_sixes, layout_loops_ring,
          minmay_temple_entry_poolview, minmay_misc_feat_roman,
          grunt_decor_mini_mirrors, uniq_maggie, uniq_grinder
D:7:      layout_layer_cave, minmay_overflow_temple_star_quad, enter_bailey_2,
          serial_glass, glass_columns_a, glass_columns_a,
          minmay_misc_feat_plants
D:8:      layout_rooms, nicolae_dithmenos_shadow_blocks, uniq_erica,
          uniq_gastronok, uniq_maurice
Temple:   nicolae_temple_superstar

Skill      XL: |  1  2  3  4  5  6  7  8  9 10 |
---------------+-------------------------------+-----
Dodging        | 2 3 4 |  4.8
Short Blades   | 1 2 4 |  4.6
Stealth        | 2 3 4 |  4.0
Spellcasting   | 3 4 5 7 8 10 | 10.0
Conjurations   | 2 3 5 6 |  6.1
Fire Magic     | 4 5 6 7 |  7.5
Fighting       | 1 2 3 4 |  4.7
Evocations     | 1 2 |  2.2
Ice Magic      | 1 |  1.6
Air Magic      | 1 2 |  2.1
Poison Magic   | 1 2 |  2.3
Hexes          | 1 |  1.3
Translocations | 1 |  1.3
Unarmed Combat | |  0.3
Transmutations | |  0.1

Action                     |  1- 3 |  4- 6 |  7- 9 | 10-12 || total
---------------------------+-------+-------+-------+-------++-------
  Melee: Short sword       |    57 |    38 |   125 |    49 ||   269
         Unarmed           |     6 |     6 |       |       ||    12
         Tailslap          |     1 |     5 |    19 |    14 ||    39
         Club              |     1 |       |       |       ||     1
         Punch             |       |       |     2 |     3 ||     5
         Staff             |       |       |       |    32 ||    32
   Cast: Foxfire           |    36 |   114 |    96 |    58 ||   304
         Scorch            |       |    12 |    13 |     7 ||    32
         Poisonous Vapours |       |     1 |     8 |       ||     9
         Freeze            |       |       |     4 |       ||     4
         Frozen Ramparts   |       |       |     5 |     2 ||     7
         Flame Wave        |       |       |     7 |     9 ||    16
         Mephitic Cloud    |       |       |     6 |     9 ||    15
         Volatile Blastmot |       |       |     3 |     3 ||     6
         Inner Flame       |       |       |     2 |     7 ||     9
         Sting             |       |       |     2 |       ||     2
  Evoke: Wand              |       |       |    17 |       ||    17
    Use: Scroll            |     1 |     8 |     5 |     7 ||    21
         Potion            |       |     8 |     2 |     1 ||    11
   Stab: Sleeping          |     2 |     2 |       |       ||     4
         Confused          |       |       |     2 |       ||     2
 Armour: Skin              |    18 |    21 |    59 |    30 ||   128
  Dodge: Dodged            |    48 |    41 |    95 |    68 ||   252

Table legend: (Time is in decaauts)
 A = Elapsed time spent in this place.
 B = Non-inter-level travel time spent in this place.
 C = Inter-level travel time spent in this place.
 D = Time resting spent in this place.
 E = Time spent auto-exploring this place.
 F = Levels seen in this place.
 G = Mean time per level.
                   A        B        C        D        E       F      G
               +--------+--------+--------+--------+--------+-----+--------+
         Total |  14156 |  13873 |    283 |   4623 |   6085 |  10 | 1415.6 |
       Dungeon |  12839 |  12557 |    282 |   3941 |   5864 |   8 | 1604.9 |
        Temple |    210 |    210 |      0 |      0 |     39 |   1 |  210.0 |
        Bailey |   1106 |   1106 |      0 |    682 |    182 |   1 | 1106.0 |
               +--------+--------+--------+--------+--------+-----+--------+

Top non-repeatable levels by time:
     D:4: 4076 daAuts
     D:5: 2058 daAuts
     D:6: 1602 daAuts
     D:2: 1388 daAuts
     D:7: 1381 daAuts
     D:3: 1202 daAuts
  Bailey: 1106 daAuts
     D:1: 1086 daAuts
  Temple: 210 daAuts
     D:8: 44 daAuts
